Cogmind - Beta 15 @@@ ROGUE MODE // 2025.07.14 @ 14:10:16 Player: naththebg Result: Destroyed by G-67 Veteran with Field Laser Performance ------------- Evolutions (7) 3500 Regions Visited (19) 3800 Robots Destroyed (208) 1040 Value Destroyed (8360) 8360 Prototype IDs (40) 800 Alien Tech Used (0) 0 Bonus (3453) 3453 TOTAL SCORE: 20953 Bonus ------- High Alert Combat Kills 688 Follower Combat Kills 714 Met Data Miner 300 Met Warlord at Base 500 MAIN.C Attacked Warlord 500 Warlord Defense Kills 1052 Friendly Fire -301 Cogmind --------- Core Integrity 0/1300 Matter 111/300 Energy 100/100 System Corruption 8% Temperature Cool (0) Movement Core (50) Location -3/Testing Parts ------- > --- POWER (2) -------- (None) > --- PROPULSION (6) --- (None) > --- UTILITY (9) ------ Advanced Gravity Neutralizer Improved Melee Analysis Suite > --- WEAPON (4) ------- (None) > --- INVENTORY (5) ---- Advanced Weight Redist. System Advanced Particle Charger Advanced Component Analysis Suite Heavy Quantum Rifle Improved Matter Neutralizer Peak State ------------ > --- POWER ------------ F-cell Engine Particle Reactor > --- PROPULSION ------- Improved Titanium Leg Advanced VSS Leg Experimental Myomer Leg Experimental Myomer Leg > --- UTILITY ---------- Advanced Heat Sink Improved Cooling System Enhanced Optical Array Experimental Targeting Computer Experimental Armor Integrity Analyzer Advanced Powered Armor Advanced Remote Shield > --- WEAPON ----------- Heavy Gatling Laser Heavy Gatling Laser Heavy Gatling Laser Enhanced Quantum Rifle > --- INVENTORY -------- Vortex Chain Reactor Advanced Particle Charger [Rating: 122] Favorites ----------- Power Particle Reactor Engine F-cell Engine Power Core Light Nuclear Core Reactor Particle Reactor Propulsion Light Treads Treads Light Treads Leg Improved Carbon-fiber Leg Hover Unit Makeshift Hover Unit Flight Unit Xenon Bombardment Thruster Utility Improved Cooling System Device Improved Cooling System Storage Large Storage Unit Processor Enhanced Optical Array Hackware Hacking Suite Protection Medium Reflective Plating Weapon Heavy Gatling Laser Energy Gun Heavy Gatling Laser Energy Cannon Advanced Beam Cannon Ballistic Gun Precision Assault Rifle Ballistic Cannon Light Cannon Launcher Mini Grenade Launcher Special Weapon Molecular Deconstructor Impact Weapon Heavy Hammer Build | -11 -10 -10 -8 -7 -7 -7 -7 -6 -6 -5 -5 -5 -5 -5 -5 -4 -4 -3 -3 ------- Run | Yrd Mat Sub Mat Fac Low Low Dat Pro Fac Fac Was Fac Upp Upp War Pro Fac Res Tes Slots Evolved 14 | . . . 4 2 . . . . 2 2 . . . . . . 2 2 . Power 1 | . . . . . . . . . . 1 . . . . . . . . . Propulsion 4 | . . . 1 1 . . . . . . . . . . . . 1 1 . Utility 7 | . . . 2 1 . . . . 1 1 . . . . . . 1 1 . Weapon 2 | . . . 1 . . . . . 1 . . . . . . . . . . Parts Attached 162 | 6 5 1 25 20 . 2 . 1 18 . 14 14 1 1 8 1 23 19 3 Power 14 | 1 . 1 5 1 . . . . 1 . 1 . . . . . 1 3 . Engine 8 | 1 . 1 4 1 . . . . 1 . . . . . . . . . . Core 1 | . . . 1 . . . . . . . . . . . . . . . . Reactor 5 | . . . . . . . . . . . 1 . . . . . 1 3 . Propulsion 51 | 2 . . 4 4 . 1 . 1 6 . 1 3 1 . 2 1 16 7 2 Treads 19 | 2 . . 4 3 . 1 . . . . . . . . . . 8 1 . Leg 14 | . . . . 1 . . . . 4 . 1 3 1 . 2 1 1 . . Wheel . | . . . . . . . . . . . . . . . . . . . . Hover 10 | . . . . . . . . 1 2 . . . . . . . 7 . . Flight 8 | . . . . . . . . . . . . . . . . . . 6 2 Utility 54 | 1 3 . 4 10 . 1 . . 8 . 5 6 . 1 5 . 5 5 . Device 23 | . . . 1 6 . . . . 2 . 2 4 . . 2 . 2 4 . Storage 6 | 1 2 . 1 . . . . . . . . . . . 1 . 1 . . Processor 7 | . . . . . . . . . 3 . . . . . 2 . 1 1 . Hackware 5 | . 1 . . 1 . 1 . . 1 . . 1 . . . . . . . Protection 13 | . . . 2 3 . . . . 2 . 3 1 . 1 . . 1 . . Artifact . | . . . . . . . . . . . . . . . . . . . . Weapon 43 | 2 2 . 12 5 . . . . 3 . 7 5 . . 1 . 1 4 1 Energy Gun 16 | . . . 2 . . . . . . . 6 5 . . 1 . . 1 1 Energy Cannon 10 | . . . 5 2 . . . . 1 . . . . . . . . 2 . Ballistic Gun 6 | 2 . . 2 2 . . . . . . . . . . . . . . . Ballistic Cannon 6 | . 2 . 1 . . . . . . . 1 . . . . . 1 1 . Launcher 2 | . . . 2 . . . . . . . . . . . . . . . . Special Weapon 1 | . . . . . . . . . 1 . . . . . . . . . . Impact Weapon 2 | . . . . 1 . . . . 1 . . . . . . . . . . Slashing Weapon . | . . . . . . . . . . . . . . . . . . . . Piercing Weapon . | . . . . . . . . . . . . . . . . . . . . Special Melee Weapon . | . . . . . . . . . . . . . . . . . . . . Unidentified Prototypes 17 | . . . 3 2 . . . . 2 . . 1 . . 6 . 2 . 1 Parts Lost 52 | . 1 . 3 . 1 2 . . 12 . . . . . 3 1 18 1 10 Power 5 | . . . 1 . . . . . . . . . . . . . 2 . 2 Propulsion 23 | . . . . . 1 1 . . 6 . . . . . . . 8 . 7 Utility 13 | . . . 1 . . 1 . . 4 . . . . . 1 1 4 1 . Weapon 11 | . 1 . 1 . . . . . 2 . . . . . 2 . 4 . 1 Highest Loss Streak 10 | . 1 . 2 . 1 2 . . 9 . . . . . 2 1 8 1 10 To Critical Strikes 3 | . . . . . . . . . . . . . . . . . 3 . . Average Backups 9 | 3 9 11 14 14 14 13 14 14 10 3 3 3 4 4 3 3 10 4 4 Power 1 | . 1 2 3 2 2 2 2 2 1 1 . . . . . 1 . . . Propulsion 1 | 1 4 4 2 1 . . . . . . . . . . . . 6 1 . Utility 2 | . 1 2 2 2 5 5 5 5 3 1 1 1 2 2 1 1 3 1 3 Weapon 3 | . 2 2 6 6 6 5 6 6 4 1 2 2 2 2 1 . . . . Tool/Special . | . . . . . . . . . . . . . . . . . . . . Unused Backups 37 | . . . 15 5 1 . . . 9 . . 1 . . . . 1 3 2 Power 4 | . . . 2 . . . . . 1 . . . . . . . . 1 . Propulsion 8 | . . . 6 1 . . . . . . . . . . . . 1 . . Utility 8 | . . . 3 2 . . . . 2 . . . . . . . . 1 . Weapon 16 | . . . 4 2 1 . . . 5 . . 1 . . . . . 1 2 Tool/Special 1 | . . . . . . . . . 1 . . . . . . . . . . Average Slot Usage (%) 89 | . 99 100 88 94 97 86 72 92 69 45 88 99 100 99 99 91 76 45 42 Engine 6 | . 14 14 7 7 7 7 7 7 3 . 5 5 5 5 5 5 3 . . Reactor 1 | . . . . . . . . . . . 3 5 5 4 5 5 4 5 4 Treads 15 | . 28 28 26 28 27 18 23 23 11 . . . . . . . 17 . . Leg 7 | . . . . . . . . . 3 23 23 23 23 23 23 23 3 . . Device 12 | . . . 6 13 15 15 15 15 9 4 11 21 23 23 19 17 15 2 7 Storage 5 | . 19 14 9 7 7 7 7 7 3 . . . . . . . 4 . . Processor 4 | . . . . . . . . . 3 11 11 11 11 11 14 17 13 1 4 Hackware 2 | . 8 14 2 3 . 2 7 7 6 . . . . . . . . . . Protection 5 | . . . 8 7 15 10 7 7 3 . 5 5 5 5 5 2 . . . Energy Gun 7 | . . . . . . . . . . . 21 23 23 23 22 17 9 1 2 Energy Cannon 4 | . . . 11 13 . 1 1 7 6 . . . . . . . . 3 3 Ballistic Gun 6 | . 12 14 7 7 23 18 1 15 7 . . . . . . . . . . Ballistic Cannon 2 | . 15 14 3 . . . . . . . . . . . . . . 3 . Peak Build Rating 122 | 6 10 12 37 48 49 46 46 51 61 52 98 102 100 99 122 114 121 93 93 Average Rating 58 | 4 8 10 27 42 47 43 35 46 43 34 85 99 98 96 111 111 99 55 53 On Entrance 54 | . 6 10 12 35 48 46 46 46 51 31 34 98 100 97 97 113 109 26 93 Naked Turns 11 | . . . . . . . . . 6 . . . . . . . 5 . . Heaviest Build 79 | 14 30 30 67 76 76 76 56 56 70 4 76 76 74 71 79 73 79 67 67 Greatest Support 136 | 40 40 40 60 80 80 68 68 68 68 18 74 76 76 76 88 93 136 52 52 Greatest Overweight (x) 3 | . . . 1 1 1 1 . . 1 1 1 1 . . . . 1 3 1 Average Overweight (x) . | . . . . . . . . . . . . . . . . . . . . Largest Inventory Capacity 15 | 8 15 15 15 15 15 15 15 15 15 5 5 5 5 5 5 5 15 5 5 Average Capacity 10 | 6 10 15 15 15 15 15 15 15 11 5 5 5 5 5 5 5 13 5 5 Most Carried 15 | 6 10 15 15 15 15 15 15 15 15 5 5 5 5 5 5 5 15 5 5 Average Carried 10 | 3 9 12 14 14 14 14 15 15 10 4 4 4 5 5 4 4 11 4 4 Final Capacity 15 | 8 15 15 15 15 15 15 15 15 5 5 5 5 5 5 5 5 5 5 5 Final Carried 15 | 6 10 15 15 15 15 15 15 15 5 5 5 5 5 5 3 5 5 5 5 Class Distribution -------------------- 46% | Scavenger-Tank 15% | Mutant 15% | Tank 10% | Gunner 4% | Scavenger-Gunner Dominant Class ---------------- Mutant | -10/Materials Mutant | -10/Subcaves Scavenger-Tank | -8/Materials Scavenger-Tank | -7/Factory Scavenger-Tank | -7/Lower Caves Tank | -7/Lower Caves Scavenger-Mutant | -7/Data Miner Scavenger-Tank | -6/Proximity Caves Mutant | -6/Factory Mutant | -5/Factory Tank | -5/Waste Tank | -5/Factory Scavenger-Tank | -5/Upper Caves Scavenger-Tank | -5/Upper Caves Gunner | -5/Warlord Gunner | -4/Proximity Caves Gunner | -4/Factory Scavenger-Sprinter | -3/Research Mutant | -3/Testing Resources | -11 -10 -10 -8 -7 -7 -7 -7 -6 -6 -5 -5 -5 -5 -5 -5 -4 -4 -3 -3 ----------- Run | Yrd Mat Sub Mat Fac Low Low Dat Pro Fac Fac Was Fac Upp Upp War Pro Fac Res Tes Matter Collected 4606 | 244 306 33 618 706 464 641 . 68 40 28 431 140 50 50 125 13 508 134 7 Remotely . | . . . . . . . . . . . . . . . . . . . . Salvage Created 9153 | . 301 79 1428 1693 362 680 . 33 221 135 349 1507 228 616 335 68 755 363 . Parts 351 | . 22 6 56 81 20 24 . 2 11 1 2 42 8 16 11 6 30 13 . Haulers Intercepted 12 | . . . 3 4 . . . . . 1 . 3 . . . . 1 . . Recyclers Shooed 11 | . . . 1 . . . . . 2 . . 2 . . . . 2 4 . Parts Field Recycled . | . . . . . . . . . . . . . . . . . . . . Retrieved Matter . | . . . . . . . . . . . . . . . . . . . . Parts Self-Destructed 65 | . . 3 . . 21 11 . . . . . . 8 16 . 6 . . . Prevented 1 | . . . . . . . . . . . . . 1 . . . . . . Kills | -11 -10 -10 -8 -7 -7 -7 -7 -6 -6 -5 -5 -5 -5 -5 -5 -4 -4 -3 -3 ------- Run | Yrd Mat Sub Mat Fac Low Low Dat Pro Fac Fac Was Fac Upp Upp War Pro Fac Res Tes Combat Hostiles Destroyed 157 | . 10 2 19 29 7 14 . . 3 . . 18 8 17 7 3 16 4 . Melee 1 | . . . . . . . . . . . . . . . . . 1 . . Guns 87 | . 3 . 7 8 7 9 . . . . . 16 6 14 6 3 8 . . Cannons 50 | . 7 2 11 21 . . . . . . . . . . . . 6 3 . AOE 7 | . . . . . . 5 . . 2 . . . . . . . . . . Classes Destroyed 24 | . 5 1 7 2 1 2 . . . 1 . 1 1 . 2 1 . . . Worker 3 | . . . . . . . . . . 2 . 1 . . . . . . . Builder 1 | . . . . . . . . . . . . 1 . . . . . . . Tunneler 3 | . . . 1 1 . . . . 1 . . . . . . . . . . Hauler 12 | . . . 3 4 . . . . . 1 . 3 . . . . 1 . . Recycler 12 | . 1 . 5 1 . . . . . . . 2 . . . . 1 2 . Mechanic 1 | . . . 1 . . . . . . . . . . . . . . . . Operator 6 | . 1 . . 1 . . . . 2 . . 2 . . . . . . . Drone 2 | . . . . . . . . . . . . . . . . 2 . . . Watcher 11 | . 2 . 1 4 . . . . 1 . . 2 . . . . 1 . . Swarmer 41 | . 6 . 3 6 1 3 . . . . . . 4 6 . . 8 4 . Saboteur 1 | . . . . . . . . . . . . . . . 1 . . . . Grunt 43 | . 4 . 8 13 . 2 . . . . . 7 2 6 1 . . . . Brawler 5 | . . . . 1 . 1 . . . . . . 1 . 2 . . . . Duelist 2 | . . . 1 . . . . . 1 . . . . . . . . . . Sentry 18 | . . . 5 2 1 . . . . . . 4 . 3 . . 3 . . Specialist 3 | . . . . . 2 . . . . . . 1 . . . . . . . Hunter 16 | . . . 1 2 2 . . . 2 . . 4 . 1 . 1 3 . . Programmer 12 | . . . . 5 1 1 . . . . . 2 . . 1 . 2 . . Heavy 1 | . . . 1 . . . . . . . . . . . . . . . . Behemoth 2 | . . . . . . . . . . . . . 1 1 . . . . . Executioner 2 | . . . . . . . . . . . . . . . 2 . . . . Subdweller 2 | . . 2 . . . . . . . . . . . . . . . . . Samaritan 3 | . . . . . . 2 . 1 . . . . . . . . . . . Thug 5 | . . . . . . 5 . . . . . . . . . . . . . Savage 3 | . . . . . . 3 . . . . . . . . . . . . . Mutant 1 | . . . . . . 1 . . . . . . . . . . . . . Best Kill Streak 10 | . 4 1 6 4 2 4 . . 2 1 . 5 4 10 4 2 5 4 . Combat Bots Only 10 | . 3 1 4 3 2 4 . . 2 . . 4 4 10 4 2 5 4 . Max Kills in Single Turn 3 | . 1 1 2 2 1 1 . 1 1 1 . 2 3 2 1 1 2 1 . Gunslinging 2 | . . . . . . . . . . . . 1 2 1 . . 1 . . Exploded 1 | . . . . . . 1 . . 1 . . . . . . . . . . Melee 1 | . . . . . . . . . . . . . . . . . 1 . . Uniques/NPCs Destroyed . | . . . . . . . . . . . . . . . . . . . . Combat | -11 -10 -10 -8 -7 -7 -7 -7 -6 -6 -5 -5 -5 -5 -5 -5 -4 -4 -3 -3 -------- Run | Yrd Mat Sub Mat Fac Low Low Dat Pro Fac Fac Was Fac Upp Upp War Pro Fac Res Tes Hostile Shots Fired 1349 | . 57 3 69 179 66 43 . . 100 8 . 22 35 58 80 24 420 10 175 Missed 431 | . 14 . 18 46 20 13 . . 24 5 . 5 11 15 21 11 140 4 84 Hits 918 | . 43 3 51 133 46 30 . . 76 3 . 17 24 43 59 13 280 6 91 Melee 3 | . . . 1 . . 1 . . 1 . . . . . . . . . . Projectile 915 | . 43 3 50 133 46 29 . . 75 3 . 17 24 43 59 13 280 6 91 Critical Strikes 44 | . . . 2 2 1 5 . . 3 . . 3 2 1 7 . 15 . 3 Part Disruptions 2 | . . . . . . . . . . . . . . . 1 . 1 . . Damage Taken 14682 | . 378 122 1009 1681 583 453 . . 1221 54 . 369 362 548 1324 116 4275 131 2056 Core 2927 | . 55 16 37 90 . 24 . . 170 38 . 62 35 55 295 15 731 45 1259 Absorbed by Shields 1251 | . . . . . . . . . 75 . . 136 134 202 197 34 473 . . Redirected to Shielding 102 | . . . . . . . . . . . . . . . . . 102 . . Ignored by Resistances 346 | . . . . 9 202 99 . . 36 . . . . . . . . . . Regen/Repaired (Parts) 998 | . . . 91 121 . . . . . . 386 59 72 243 26 . . . . Core Remaining (%) 73 | 100 . 71 93 . . . . 83 80 . . . . . . 50 36 . . Volleys Fired 495 | . 32 4 71 112 35 39 . 2 12 . 3 37 10 22 13 6 72 18 7 Largest 4 | . 2 2 3 3 3 3 . 3 4 . 4 4 4 4 4 3 3 2 1 Hottest 400 | . 60 50 204 211 81 121 . 121 211 . 324 400 400 400 400 300 300 178 90 Shots Fired 1292 | . 64 8 177 327 105 101 . 6 36 . 12 140 40 82 49 18 86 34 7 Gun 786 | . 11 4 50 124 105 87 . 4 16 . 12 140 40 82 49 18 38 6 . Cannon 490 | . 53 4 126 202 . 4 . 2 16 . . . . . . . 48 28 7 Launcher 16 | . . . 1 1 . 10 . . 4 . . . . . . . . . . Special . | . . . . . . . . . . . . . . . . . . . . Kinetic 538 | . 64 8 70 124 105 87 . 4 17 . . . . . . . 48 11 . Thermal 738 | . . . 106 202 . 4 . 2 15 . 12 140 40 82 49 18 38 23 7 Explosive 16 | . . . 1 1 . 10 . . 4 . . . . . . . . . . Electromagnetic . | . . . . . . . . . . . . . . . . . . . . Robot Hit Streak 27 | . 5 11 15 12 10 17 . 20 7 . 17 18 23 21 27 6 16 7 . Robot Miss Streak 9 | . 4 . 3 9 2 3 . . 2 . . 5 5 3 8 2 3 1 . Penetration Max 1 | . . . . . . . . . . . . . . . . . 1 . . Secondary Targets 20 | . . . . . . 3 . . . . . 2 4 8 2 . 1 . . Max Gunslinging Chain 2 | . . . . . . 1 . . . . . 1 2 2 1 . 1 . . Capacitor 1 | . . . . . . . . . . . . . . . . . . . 1 Shots Hit Robots 865 | . 26 8 108 183 76 71 . 4 20 4 11 102 34 70 37 13 73 25 . Core Hits 463 | . 16 4 47 67 19 44 . 2 13 . 3 82 21 51 35 11 39 8 1 Critical Kills 13 | . . . 1 2 1 1 . . . . . . . . . . 8 . . Critical Parts Destroyed 21 | . . . . 1 2 . . . 1 2 . . . . . . 15 . . Critical Strikes 41 | . 3 1 1 3 3 1 . . 1 2 1 . . . . . 23 2 . Burn 1 | . . . . . . . . . . . 1 . . . . . . . . Meltdown 2 | . . . 1 1 . . . . . . . . . . . . . . . Destroy 29 | . . . . 2 3 1 . . . . . . . . . . 23 . . Blast 6 | . 3 1 . . . . . . . . . . . . . . . 2 . Smash 3 | . . . . . . . . . 1 2 . . . . . . . . . Melee Attacks 10 | . . . . . . . . . 5 5 . . . . . . . . . Impact 10 | . . . . . . . . . 5 5 . . . . . . . . . Slashing . | . . . . . . . . . . . . . . . . . . . . Piercing . | . . . . . . . . . . . . . . . . . . . . Sneak Attacks 4 | . . . . . . . . . 1 3 . . . . . . . . . Combat Hostiles . | . . . . . . . . . . . . . . . . . . . . Follow-up Attacks . | . . . . . . . . . . . . . . . . . . . . Damage Inflicted 24157 | . 487 114 2080 4148 1277 2342 . 84 947 350 276 3815 1424 2236 1464 348 1862 883 20 Guns 15207 | . 52 48 478 1362 1277 1200 . 38 155 . 261 3613 1424 2236 1451 348 1132 132 . Cannons 6421 | . 426 66 1585 2624 . 88 . 46 220 . . . . . . . 615 751 . Explosions 1686 | . . . . 151 . 1054 . . 411 . . 70 . . . . . . . Melee 511 | . . . . . . . . . 161 350 . . . . . . . . . Ramming 332 | . 9 . 17 11 . . . . . . 15 132 . . 13 . 115 . 20 Kinetic 6224 | . 478 114 649 1362 1277 1200 . 38 155 . . . . . . . 615 336 . Thermal 15462 | . . . 1414 2624 . 88 . 46 220 . 261 3671 1424 2236 1451 348 1132 547 . Explosive 1616 | . . . . 151 . 1054 . . 411 . . . . . . . . . . Electromagnetic 12 | . . . . . . . . . . . . 12 . . . . . . . Impact 511 | . . . . . . . . . 161 350 . . . . . . . . . Slashing . | . . . . . . . . . . . . . . . . . . . . Piercing . | . . . . . . . . . . . . . . . . . . . . Highest Corruption 8 | . . . 5 2 4 4 4 4 . . . . . . 3 3 2 . 8 Average Corruption 3 | . . . 5 1 3 4 4 4 . . . . . . 3 3 1 . 5 Corruption Purged 1 | . . . . 1 . . . . . . . . . . . . . . . Corruption Blocked . | . . . . . . . . . . . . . . . . . . . . Effects 66 | . . . 4 2 15 23 3 8 . . . . . . 5 4 1 . 1 Message Errors 16 | . . . . . 2 9 1 2 . . . . . . . 1 . . 1 Matter Fused 13 | . . . 1 . 6 2 1 1 . . . . . . . 2 . . . Heat Flow Errors 9 | . . . 1 . 1 3 . 1 . . . . . . 3 . . . . Energy Discharges 11 | . . . 2 . 1 3 . 3 . . . . . . 1 1 . . . Parts Rejected 1 | . . . . . . . . . . . . . . . . . 1 . . Parts Fused 2 | . . . . 1 . 1 . . . . . . . . . . . . . Data Loss (minor) 3 | . . . . . 3 . . . . . . . . . . . . . . Data Loss (major) 3 | . . . . 1 . 1 . 1 . . . . . . . . . . . Misfires 4 | . . . . . 2 1 . . . . . . . . 1 . . . . Alerts 2 | . . . . . . 1 1 . . . . . . . . . . . . Weapon Failures 2 | . . . . . . 2 . . . . . . . . . . . . . Overload Shots . | . . . . . . . . . . . . . . . . . . . . Overflow Damage 589 | . . . 7 . . 12 . 20 167 285 . 20 . . . . . 78 . Projectiles 131 | . . . 7 . . 12 . 20 14 . . . . . . . . 78 . Explosions 42 | . . . . . . . . . 42 . . . . . . . . . . Melee 416 | . . . . . . . . . 111 285 . 20 . . . . . . . Knockbacks 24 | . 3 1 3 . . . . . 2 . . 2 . . . . 9 4 . Impact 5 | . . . . . . . . . 2 . . 2 . . . . 1 . . Kinetic 17 | . 3 1 3 . . . . . . . . . . . . . 8 2 . Secondary 2 | . . . . . . . . . . . . . . . . . . 2 . Self-Inflicted Damage 36 | . . . . . . . . . 27 . . . . . . . . . 9 Shots 1 | . . . . . . . . . 1 . . . . . . . . . . Rammed 39 | . 3 . 2 1 . . . . . . . . . . . . 30 . 3 Targets Rammed 57 | . 3 . 3 2 . . . . . . 1 9 . . 3 . 33 . 3 Kicked 15 | . . . . . . . . . . . 1 9 . . 3 . 2 . . Crushed 3 | . . . 1 1 . . . . . . . . . . . . 1 . . Highest Temperature 515 | . 48 . 490 322 240 237 . 167 216 . 228 309 398 186 515 117 30 415 213 Average Temperature 96 | . 24 . 115 86 47 45 . 64 60 . 100 89 167 60 128 62 15 95 146 Received Heat Transfer 2425 | . 72 . 342 372 60 261 . . 363 . . 99 111 102 321 . 237 . 85 Effects 13 | . . . 10 1 . . . . . . . . . . 2 . . . . Shutdowns 2 | . . . 1 . . . . . . . . . . . 1 . . . . Energy Bleed 1 | . . . 1 . . . . . . . . . . . . . . . . Interference 5 | . . . 5 . . . . . . . . . . . . . . . . Damage (minor) 1 | . . . . 1 . . . . . . . . . . . . . . . Damage (major) 3 | . . . 3 . . . . . . . . . . . . . . . . Damage (core) 1 | . . . . . . . . . . . . . . . 1 . . . . Siege Activations . | . . . . . . . . . . . . . . . . . . . . Martial Activations . | . . . . . . . . . . . . . . . . . . . . Shielding Activations . | . . . . . . . . . . . . . . . . . . . . Robots Disrupted . | . . . . . . . . . . . . . . . . . . . . Combat Hostiles . | . . . . . . . . . . . . . . . . . . . . Robots Corrupted 5 | . . . . . . . . . 1 2 . 1 . . . . . 1 . Combat Hostiles 1 | . . . . . . . . . . . . . . . . . . 1 . Parts Fried 10 | . . . . . . . . . 2 5 . 2 . . . . . 1 . Impact Corruptions 12 | . . . . . . . . . 4 5 . 2 . . . . . 1 . Robots Melted 11 | . . . 1 1 . . . . . . . 2 2 3 1 . 1 . . Combat Hostiles 10 | . . . 1 . . . . . . . . 2 2 3 1 . 1 . . Parts Melted 55 | . . . 8 9 . 1 . . 1 . 1 14 4 9 6 1 1 . . Heat Transferred 24496 | . . . 2516 4255 . 148 . 74 361 . 481 5508 2050 3675 2324 575 1900 629 . Parts Sabotaged . | . . . . . . . . . . . . . . . . . . . . Parts Stolen . | . . . . . . . . . . . . . . . . . . . . Parts Stripped . | . . . . . . . . . . . . . . . . . . . . Power Chain Reactions 2 | . . . . . . . . . 2 . . . . . . . . . . Alert | -11 -10 -10 -8 -7 -7 -7 -7 -6 -6 -5 -5 -5 -5 -5 -5 -4 -4 -3 -3 ------- Run | Yrd Mat Sub Mat Fac Low Low Dat Pro Fac Fac Was Fac Upp Upp War Pro Fac Res Tes Maximum Alert Level 4 | . . . 1 2 . . . . 1 . . 4 . . . . . . 2 Low Security (%) 70 | 100 100 . 74 40 . . . . 93 100 100 11 . . . . 100 100 53 Level 1 14 | . . . 25 31 . . . . 6 . . 5 . . . . . . 43 Level 2 8 | . . . . 27 . . . . . . . 13 . . . . . . 2 Level 3 4 | . . . . . . . . . . . . 41 . . . . . . . Level 4 2 | . . . . . . . . . . . . 28 . . . . . . . Level 5 . | . . . . . . . . . . . . . . . . . . . . High Security . | . . . . . . . . . . . . . . . . . . . . Max Security . | . . . . . . . . . . . . . . . . . . . . Peak Influence 1520 | . 125 . 249 601 . . . . 225 131 38 1520 . . . . 177 157 423 Initial 150 | . . . . 105 . . . . . 105 38 . . . . . 150 84 61 Average 199 | . 47 . 110 265 . . . . 57 84 1 836 . . . . 86 102 212 Influence Increases 7351 | . 322 . 674 1068 140 175 . . 517 106 2 2104 201 379 232 30 653 206 542 Destroy 0b10 Robot/C 3260 | . 200 . 380 580 140 140 . . 80 . . 680 160 340 140 20 320 80 . Destroy 0b10 Robot/NC 270 | . 20 . 55 55 . 5 . . 20 15 . 65 . . . 10 15 10 . Destroy Leader 688 | . 34 . 118 166 . 30 . . 22 2 . 182 30 20 . . 74 10 . Allied During Kill 821 | . . . . . . . . . . . . 789 11 19 2 . . . . Successful Hack 157 | . 21 . 32 55 . . . . 28 14 . . . . . . . . 7 Select Force Hacks 50 | . . . . . . . . . 50 . . . . . . . . . . Disable Machine 390 | . . . 60 135 . . . . 75 . . 90 . . . . . . 30 Anti-Garrison Action 200 | . . . . . . . . . . . . 200 . . . . . . . Destroy Structure 240 | . 2 . 14 47 . . . . 47 . 2 98 . . . . 4 16 10 Advance Influence 150 | . . . . . . . . . . . . . . . . . 150 . . Partial Spotted 120 | . . . . . . . . . 15 15 . . . . . . . 15 75 Lose Combat Pursuer 1005 | . 45 . 15 30 . . . . 180 60 . . . . 90 . 90 75 420 Influence Decreases 6928 | . 322 . 443 702 526 386 . . 300 212 113 682 707 437 992 128 491 258 229 Entered New Map 2359 | . . . . 126 222 41 . . . 112 73 . 527 175 858 98 . 78 49 Time Decay 3692 | . 312 . 413 576 294 325 . . 143 100 40 362 180 262 94 30 311 170 80 Lost Part 507 | . 10 . 30 . 10 20 . . 117 . . . . . 30 . 180 10 100 Lost Ally 370 | . . . . . . . . . 40 . . 320 . . 10 . . . . Squads Dispatched 36 | . . . 2 11 . . . . 3 1 . 10 . . . . 4 2 3 Investigation 5 | . . . . . . . . . 1 1 . 3 . . . . . . . Extermination 10 | . . . . 5 . . . . 1 . . 1 . . . . 1 1 1 Reinforcement 12 | . . . 2 2 . . . . 1 . . 5 . . . . . . 2 Assault 2 | . . . . 1 . . . . . . . 1 . . . . . . . Garrison 7 | . . . . 3 . . . . . . . . . . . . 3 1 . Intercept . | . . . . . . . . . . . . . . . . . . . . Searches Triggered . | . . . . . . . . . . . . . . . . . . . . Data Miner Redirects 3 | . . . . . . . . . 1 1 . 1 . . . . . . . Construction Impeded 1 | . . . . . . . . . 1 . . . . . . . . . . Haulers Reinforced 1 | . . . . . . . . . . . . 1 . . . . . . . Active Scanning Responses . | . . . . . . . . . . . . . . . . . . . . Cargo Convoy Interrupts . | . . . . . . . . . . . . . . . . . . . . Stealth | -11 -10 -10 -8 -7 -7 -7 -7 -6 -6 -5 -5 -5 -5 -5 -5 -4 -4 -3 -3 --------- Run | Yrd Mat Sub Mat Fac Low Low Dat Pro Fac Fac Was Fac Upp Upp War Pro Fac Res Tes Distress Signals 7 | . 2 . . 1 . . . . . . . 1 . . 1 . 1 1 . Communications Jammed . | . . . . . . . . . . . . . . . . . . . . Distress Signals . | . . . . . . . . . . . . . . . . . . . . Times Spotted 346 | . 15 2 27 44 8 13 . . 22 5 . 39 8 17 48 4 37 10 47 Peak Tracking Total 19 | . 5 1 4 4 3 3 . . 8 5 . 5 4 10 14 2 9 5 19 Tactical Retreats 26 | . 2 . 1 2 . . . . 5 1 . . . . 3 . 3 3 6 Traps | -11 -10 -10 -8 -7 -7 -7 -7 -6 -6 -5 -5 -5 -5 -5 -5 -4 -4 -3 -3 ------- Run | Yrd Mat Sub Mat Fac Low Low Dat Pro Fac Fac Was Fac Upp Upp War Pro Fac Res Tes Traps Triggered 4 | . . 1 . 1 . . . . 1 1 . . . . . . . . . Indirectly . | . . . . . . . . . . . . . . . . . . . . Trap Hack Attempts . | . . . . . . . . . . . . . . . . . . . . Triggered . | . . . . . . . . . . . . . . . . . . . . Disarmed . | . . . . . . . . . . . . . . . . . . . . Reprogrammed . | . . . . . . . . . . . . . . . . . . . . Reused . | . . . . . . . . . . . . . . . . . . . . Traps Extracted . | . . . . . . . . . . . . . . . . . . . . Installed . | . . . . . . . . . . . . . . . . . . . . Triggered . | . . . . . . . . . . . . . . . . . . . . Machines | -11 -10 -10 -8 -7 -7 -7 -7 -6 -6 -5 -5 -5 -5 -5 -5 -4 -4 -3 -3 ---------- Run | Yrd Mat Sub Mat Fac Low Low Dat Pro Fac Fac Was Fac Upp Upp War Pro Fac Res Tes Machines Disabled 28 | . . . 4 9 1 . . . 5 . . 6 . 1 . . . . 2 Max in Single Turn 4 | . . . 1 3 1 . . . 3 . . 4 . 1 . . . . 1 Garrison Access 2 | . . . 1 . . . . . . . . 1 . . . . . . . Machines Repaired . | . . . . . . . . . . . . . . . . . . . . Machines Dismantled . | . . . . . . . . . . . . . . . . . . . . Machines Sabotaged . | . . . . . . . . . . . . . . . . . . . . Overloaded Fab Kills 3 | . . . . . . . . . 3 . . . . . . . . . . Hacking | -11 -10 -10 -8 -7 -7 -7 -7 -6 -6 -5 -5 -5 -5 -5 -5 -4 -4 -3 -3 --------- Run | Yrd Mat Sub Mat Fac Low Low Dat Pro Fac Fac Was Fac Upp Upp War Pro Fac Res Tes Machines Accessed 41 | . 4 . 5 7 1 1 4 . 7 2 . 3 1 1 2 . 1 . 2 Terminals 22 | . 3 . 2 4 1 1 . . 4 1 . 2 . 1 . . 1 . 2 Fabricators 1 | . . . . . . . . . 1 . . . . . . . . . . Repair Stations 4 | . . . 1 2 . . . . . 1 . . . . . . . . . Recycling Units 5 | . 1 . 1 1 . . . . 2 . . . . . . . . . . Scanalyzers . | . . . . . . . . . . . . . . . . . . . . Garrison Access 2 | . . . 1 . . . . . . . . 1 . . . . . . . Total Hacks 128 | . 14 . 10 18 1 1 32 . 23 6 . 8 1 6 2 . 2 . 4 Successful 84 | . 8 . 9 10 1 1 32 . 11 1 . 1 1 6 2 . . . 1 Failed 44 | . 6 . 1 8 . . . . 12 5 . 7 . . . . 2 . 3 Catastrophic 10 | . . . . 2 . . . . 3 2 . 1 . . . . 2 . . Database Lockouts . | . . . . . . . . . . . . . . . . . . . . Manual 29 | . 3 . 3 1 1 . . . 9 1 . 6 . . 1 . 2 . 2 Terminals 66 | . 13 . 6 10 1 1 . . 14 4 . 5 . 6 . . 2 . 4 Fabricators 3 | . . . . . . . . . 3 . . . . . . . . . . Repair Stations 10 | . . . 2 6 . . . . . 2 . . . . . . . . . Recycling Units 10 | . 1 . 1 2 . . . . 6 . . . . . . . . . . Scanalyzers . | . . . . . . . . . . . . . . . . . . . . Garrison Access 4 | . . . 1 . . . . . . . . 3 . . . . . . . Terminal Hacks 65 | . 7 . 4 5 1 1 32 . 5 . . . 1 6 2 . . . 1 Record 19 | . . . . . 1 1 11 . . . . . . 6 . . . . . Part Schematic 12 | . . . . . . . 12 . . . . . . . . . . . . Robot Schematic 6 | . . . . . . . 6 . . . . . . . . . . . . Robot Analysis 2 | . . . 1 1 . . . . . . . . . . . . . . . Prototype ID Bank 10 | . 3 . . 2 . . 3 . 2 . . . . . . . . . . Open Door 4 | . . . . . . . . . . . . . 1 . 2 . . . 1 Level Access Points 1 | . . . . . . . . . 1 . . . . . . . . . . Branch Access Points 3 | . 1 . 1 1 . . . . . . . . . . . . . . . Terminal Index 1 | . . . . . . . . . 1 . . . . . . . . . . Alert Level 2 | . 1 . 1 . . . . . . . . . . . . . . . . Locate Traps 2 | . 1 . . 1 . . . . . . . . . . . . . . . Hauler Manifests 1 | . . . 1 . . . . . . . . . . . . . . . . Registered Components 1 | . . . . . . . . . 1 . . . . . . . . . . Zone Layout 1 | . 1 . . . . . . . . . . . . . . . . . . Fabricator Hacks 1 | . . . . . . . . . 1 . . . . . . . . . . Build 1 | . . . . . . . . . 1 . . . . . . . . . . Repair Station Hacks 5 | . . . 2 3 . . . . . . . . . . . . . . . Scan Component 3 | . . . 1 2 . . . . . . . . . . . . . . . Repair 2 | . . . 1 1 . . . . . . . . . . . . . . . Recycling Unit Hacks 4 | . 1 . 1 1 . . . . 1 . . . . . . . . . . Retrieve Components 4 | . 1 . 1 1 . . . . 1 . . . . . . . . . . Scanalyzer . | . . . . . . . . . . . . . . . . . . . . Garrison Access Hacks 1 | . . . 1 . . . . . . . . . . . . . . . . Seal Access 1 | . . . 1 . . . . . . . . . . . . . . . . Unauthorized Hacks 8 | . . . 1 1 . . . . 4 1 . 1 . . . . . . . Terminals 6 | . . . 1 1 . . . . 3 1 . . . . . . . . . Botnet 6 | . . . 1 1 . . . . 3 1 . . . . . . . . . Fabricators 1 | . . . . . . . . . 1 . . . . . . . . . . Overload 1 | . . . . . . . . . 1 . . . . . . . . . . Repair Stations . | . . . . . . . . . . . . . . . . . . . . Recycling Units . | . . . . . . . . . . . . . . . . . . . . Scanalyzers . | . . . . . . . . . . . . . . . . . . . . Garrison Access 1 | . . . . . . . . . . . . 1 . . . . . . . Jam 1 | . . . . . . . . . . . . 1 . . . . . . . Data Cores Recovered 5 | . 1 . . . . . . . 2 . . 2 . . . . . . . Used 2 | . . . . . . . . . 1 . . 1 . . . . . . . Hacking Detections 28 | . 3 . 2 7 1 . . . 7 2 . 3 . . . . 1 . 2 Full Trace Events 3 | . . . . . . . . . . 1 . 2 . . . . . . . Feedback Events . | . . . . . . . . . . . . . . . . . . . . Feedback Blocked . | . . . . . . . . . . . . . . . . . . . . Robot Schematics Acquired 6 | . . . . . . . 6 . . . . . . . . . . . . Robots Built 3 | . . . . . . . . . 3 . . . . . . . . . . Authchips . | . . . . . . . . . . . . . . . . . . . . Time 67 | . . . . . . . . . 67 . . . . . . . . . . Total Robot Build Rating 12 | . . . . . . . . . 12 . . . . . . . . . . Part Schematics Acquired 12 | . . . . . . . 12 . . . . . . . . . . . . Parts Built . | . . . . . . . . . . . . . . . . . . . . Authchips . | . . . . . . . . . . . . . . . . . . . . Time . | . . . . . . . . . . . . . . . . . . . . Total Part Build Rating . | . . . . . . . . . . . . . . . . . . . . Parts Repaired 2 | . . . 1 1 . . . . . . . . . . . . . . . Time 39 | . . . 13 26 . . . . . . . . . . . . . . . Parts Recycled . | . . . . . . . . . . . . . . . . . . . . Recycled Matter . | . . . . . . . . . . . . . . . . . . . . Retrieved Matter . | . . . . . . . . . . . . . . . . . . . . Retrieved Components 22 | . 10 . 10 . . . . . 2 . . . . . . . . . . Parts Scanalyzed . | . . . . . . . . . . . . . . . . . . . . Part Schematics Acquired . | . . . . . . . . . . . . . . . . . . . . Parts Damaged . | . . . . . . . . . . . . . . . . . . . . Bothacking | -11 -10 -10 -8 -7 -7 -7 -7 -6 -6 -5 -5 -5 -5 -5 -5 -4 -4 -3 -3 ------------ Run | Yrd Mat Sub Mat Fac Low Low Dat Pro Fac Fac Was Fac Upp Upp War Pro Fac Res Tes Used RIF Installer . | . . . . . . . . . . . . . . . . . . . . Robots Hacked . | . . . . . . . . . . . . . . . . . . . . Non-combat . | . . . . . . . . . . . . . . . . . . . . Combat . | . . . . . . . . . . . . . . . . . . . . Robot Hacks Applied . | . . . . . . . . . . . . . . . . . . . . Relay Couplers Released . | . . . . . . . . . . . . . . . . . . . . Fabnet Peak Effective % . | . . . . . . . . . . . . . . . . . . . . Robots Rewired . | . . . . . . . . . . . . . . . . . . . . Allies Hacked 2 | . . . . . . . . . . . . 2 . . . . . . . Hacks Repelled . | . . . . . . . . . . . . . . . . . . . . Allies | -11 -10 -10 -8 -7 -7 -7 -7 -6 -6 -5 -5 -5 -5 -5 -5 -4 -4 -3 -3 -------- Run | Yrd Mat Sub Mat Fac Low Low Dat Pro Fac Fac Was Fac Upp Upp War Pro Fac Res Tes Total Allies 23 | . . . . . . . . . 3 . 20 . . . . . . . . Largest Group 20 | . . . . . . . . . 3 . 20 20 3 3 3 . . . . Highest-Rated Group 669 | . . . . . . . . . 60 . 669 669 78 78 79 . . . . Highest-Rated Ally 50 | . . . . . . . . . 20 . 50 50 26 26 28 . . . . Total Orders . | . . . . . . . . . . . . . . . . . . . . Ally Attacks 169 | . . . . . . . . . 4 . . 165 . . . . . . . Total Damage 3503 | . . . . . . . . . 80 . . 3423 . . . . . . . Kills 19 | . . . . . . . . . 1 . . 18 . . . . . . . Allies Corrupted 3 | . . . . . . . . . 3 . . . . . . . . . . Allies Melted 2 | . . . . . . . . . . . . 2 . . . . . . . Intel | -11 -10 -10 -8 -7 -7 -7 -7 -6 -6 -5 -5 -5 -5 -5 -5 -4 -4 -3 -3 ------- Run | Yrd Mat Sub Mat Fac Low Low Dat Pro Fac Fac Was Fac Upp Upp War Pro Fac Res Tes Active Infowar (turns) 5398 | . . . . . . . . . 192 210 1000 926 364 567 1052 309 735 43 . Optics 5274 | . . . . . . . . . 118 210 1000 926 364 567 1052 309 728 . . Sensors 1597 | . . . . . . . . . 74 199 1000 324 . . . . . . . Decoding 50 | . . . . . . . . . . . . . . . . . 7 43 . Robot Analysis Total 2 | . . . 1 1 . . . . . . . . . . . . . . . Derelict Logs Recovered 7 | . . 2 . . 1 1 . 1 . . . . 1 1 . . . . . Drone Launches . | . . . . . . . . . . . . . . . . . . . . Drone Recoveries . | . . . . . . . . . . . . . . . . . . . . Decoded 0b10 Intel 3 | . . . . . . . . . . . . . . . . . . 3 . Items 3 | . . . . . . . . . . . . . . . . . . 3 . Exploration | -11 -10 -10 -8 -7 -7 -7 -7 -6 -6 -5 -5 -5 -5 -5 -5 -4 -4 -3 -3 ------------- Run | Yrd Mat Sub Mat Fac Low Low Dat Pro Fac Fac Was Fac Upp Upp War Pro Fac Res Tes Turns Passed 13986 | 71 870 403 1688 2191 654 1150 153 413 632 210 1000 926 364 567 1052 309 808 354 171 Spaces Moved 8678 | 49 355 241 781 1050 303 432 91 248 556 205 639 579 251 366 748 278 437 657 412 Core 735 | 19 . . . . . . . . 340 202 41 . . . . . 64 12 57 Treads 3915 | 30 355 241 781 1050 303 432 91 248 193 . . . . . . . 191 . . Legs 2929 | . . . . . . . . . . 3 598 579 251 366 748 278 106 . . Wheels . | . . . . . . . . . . . . . . . . . . . . Hover 189 | . . . . . . . . . 23 . . . . . . . 76 90 . Flight 910 | . . . . . . . . . . . . . . . . . . 555 355 Fastest Speed 25 | 50 160 160 160 165 165 163 163 163 50 50 50 112 112 115 100 97 40 25 25 Average Speed 126 | 117 160 160 165 165 186 235 163 163 92 83 127 119 112 115 106 98 122 31 32 Slowest Speed 246 | 160 160 160 246 246 243 245 163 163 245 120 187 187 115 115 115 100 245 200 105 Overloaded Moves . | . . . . . . . . . . . . . . . . . . . . Propulsion Burnouts . | . . . . . . . . . . . . . . . . . . . . Robots Hopped 11 | . . . . . . . . . . . . . . . . . . . 11 Potential Cave-ins . | . . . . . . . . . . . . . . . . . . . . Cave-ins Triggered . | . . . . . . . . . . . . . . . . . . . . Exploration Rate (%) 44 | 3 51 26 63 34 55 53 68 46 22 7 96 19 54 63 96 57 17 9 54 Regions Visited 19 Branch Regions 10 Pre-discovered Areas 5 | . . 1 . . . 1 1 . . . . . 1 1 . . . . . Known Exits Taken 3 | . . . . 1 . . . . 1 . . . . 1 . . . . . Unknown Exits Taken 14 | 1 1 1 1 . 1 1 1 1 . . . 1 1 . 1 1 1 1 . Scrap Searched 14 | . . 1 . . 2 3 . 1 . . . . 3 3 . 1 . . . Spaces Dug 32 | . . . 12 9 . . . . 4 . . . . . . . . 2 5 Terrain Destroyed 159 | . . . 13 37 . 32 . . 47 . 1 17 . . 1 . . 6 5 Melee 3 | . . . . . . . . . 3 . . . . . . . . . . Projectile 23 | . . . 4 3 . . . . 3 . 1 . . . 1 . . 6 5 AOE 133 | . . . 9 34 . 32 . . 41 . . 17 . . . . . . . Terrain Rammed . | . . . . . . . . . . . . . . . . . . . . Walls Destroyed . | . . . . . . . . . . . . . . . . . . . . Machines Disabled . | . . . . . . . . . . . . . . . . . . . . Actions | -11 -10 -10 -8 -7 -7 -7 -7 -6 -6 -5 -5 -5 -5 -5 -5 -4 -4 -3 -3 --------- Run | Yrd Mat Sub Mat Fac Low Low Dat Pro Fac Fac Was Fac Upp Upp War Pro Fac Res Tes Total 10637 | 60 590 251 1041 1313 344 511 96 254 640 237 813 698 299 442 959 295 590 772 432 Wait 961 | . 188 1 87 80 4 35 . 4 28 21 130 39 35 49 175 10 10 55 10 Move 8642 | 48 354 240 780 1049 302 431 90 247 555 205 638 578 250 365 748 277 436 656 393 Hop 8 | . . . . . . . . . . . . . . . . . . . 8 Pick Up 85 | 6 5 4 22 15 1 1 . . 5 . 2 3 . . 2 1 8 8 2 Fast Attach 105 | 6 2 . 11 7 . 2 3 1 18 . 12 4 . 2 3 . 19 14 1 Attach 34 | . 1 . 6 5 . . . . 4 3 . . . . 3 . 5 6 1 Detach 17 | . . . 4 . . . . . 4 3 . . . . . . 2 4 . Swap 87 | . 3 1 23 20 . 2 . . 2 . 6 12 3 3 7 1 2 1 1 Drop 122 | . 2 1 34 23 2 1 3 . 7 . 6 16 1 1 6 . 3 10 6 Fire 495 | . 32 4 71 112 35 39 . 2 12 . 3 37 10 22 13 6 72 18 7 Melee 10 | . . . . . . . . . 5 5 . . . . . . . . . Ram 3 | . . . . . . . . . . . . . . . . . . . 3 Kick 14 | . . . . . . . . . . . 1 9 . . 2 . 2 . . Crush 39 | . 3 . 3 2 . . . . . . . . . . . . 31 . . Escape Stasis . | . . . . . . . . . . . . . . . . . . . . Rewire 15 | . . . . . . . . . . . 15 . . . . . . . . Trap . | . . . . . . . . . . . . . . . . . . . . Miscellaneous . | . . . . . . . . . . . . . . . . . . . . Route ------- -11/Scrapyard -10/Materials (discovered 3 exits: Min x2 / [*Sub]) -10/Subcaves (discovered 2 exits: *Mat / Rec) -8/Materials -7/Factory (discovered 2 exits: *Low x2) -7/Lower Caves -7/Lower Caves -7/Data Miner -6/Proximity Caves -6/Factory (discovered 4 exits: *Fac x4) -5/Factory -5/Waste -5/Factory (discovered 4 exits: *Fac / *Upp x2 / [*Ext]) -5/Upper Caves -5/Upper Caves (discovered 2 exits: *Fac / *War) -5/Warlord -4/Proximity Caves -4/Factory (discovered 2 exits: [*Res] / Upp) -3/Research (discovered 2 exits: [*Res] / *Tes) -3/Testing History --------- Turn | Location | Event 40 | -11/Scrapyard | Discovered new exit (range 16) 72 | -11/Scrapyard | Entered Materials 315 | -10/Materials | Build established: Mutant 426 | -10/Materials | Identified exit to Mines 845 | -10/Materials | Discovered new exit (range 6) 942 | -10/Materials | Entered Subcaves 942 | -10/Subcaves | Identified exit to Recycling 943 | -10/Subcaves | Approached by a straggling Scientist 1318 | -10/Subcaves | Discovered new exit (range 5) 1345 | -10/Subcaves | Entered Materials 1345 | -8/Materials | Evolved 4 slots: Propulsion x1, Utility x2, Weapon x1 1477 | -8/Materials | Repaired Lgt. Treads 1737 | -8/Materials | Build established: Tank 1920 | -8/Materials | Discovered new exit (range 16) 2470 | -8/Materials | Build established: Scavenger-Tank 3033 | -8/Materials | Entered Factory 3033 | -7/Factory | Evolved 2 slots: Propulsion x1, Utility x1 3771 | -7/Factory | Identified exit to Lower Caves 4399 | -7/Factory | Garrison activated, responded to threat 4517 | -7/Factory | Repaired Lgt. Treads 5033 | -7/Factory | First assault squad dispatched 5224 | -7/Factory | Entered Lower Caves 5436 | -7/Lower Caves | Acquired the password to a Derelict Tinkerer's latest research 5448 | -7/Lower Caves | Found Prototype Special Weapon 5546 | -7/Lower Caves | Caught by Unaware searching for contraband prototypes 5599 | -7/Lower Caves | Caught by Unaware searching for contraband prototypes 5771 | -7/Lower Caves | Discovered new exit (range 15) 5800 | -7/Lower Caves | Attracted the attention of an 0b10 checkpoint 5841 | -7/Lower Caves | Learned 12 Factory zone layouts 5855 | -7/Lower Caves | Encountered a Warlord checkpoint 5878 | -7/Lower Caves | Entered another Lower Caves area 6329 | -7/Lower Caves | Attacked by a faux Warlord 6539 | -7/Lower Caves | Encountered a Warlord checkpoint 6564 | -7/Lower Caves | Learned location of Zion (-6) 6654 | -7/Lower Caves | Build established: Tank 6699 | -7/Lower Caves | Discovered new exit (range 5) 7028 | -7/Lower Caves | Entered Data Miner 7030 | -7/Data Miner | Discovered new exit (range 6) 7061 | -7/Data Miner | Met Data Miner 7089 | -7/Data Miner | Learned location of Section 7 (-2) 7089 | -7/Data Miner | Acquired the access code to Warlord's prototype stash 7115 | -7/Data Miner | Received God Mode back door access code from Data Miner 7181 | -7/Data Miner | Entered Proximity Caves 7457 | -6/Proximity Caves | Build established: Scavenger-Tank 7570 | -6/Proximity Caves | Discovered new exit (range 8) 7590 | -6/Proximity Caves | Learned 8 Factory zone layouts 7594 | -6/Proximity Caves | Entered Factory 7594 | -6/Factory | Evolved 2 slots: Utility x1, Weapon x1 7595 | -6/Factory | Identified exit to Factory 7974 | -6/Factory | Released all parts (7) 8005 | -6/Factory | Lost 9 parts (4n3u2w) 8030 | -6/Factory | Incoming investigation squad redirected 8070 | -6/Factory | Identified Molecular Deconstructor 8095 | -6/Factory | Found Powered Armor 8226 | -6/Factory | Entered another Factory area 8226 | -5/Factory | Evolved 2 slots: Power x1, Utility x1 8271 | -5/Factory | Build established: Mutant 8366 | -5/Factory | Incoming investigation squad redirected 8436 | -5/Factory | Sucked down chute 8436 | -5/Factory | Entered Waste 8437 | -5/Waste | Joined by Warlord forces that had cleared the area 8628 | -5/Waste | Found Adv. Powered Armor 8680 | -5/Waste | Discovered new exit (range 11) 8824 | -5/Waste | Build established: Derelict-Skirmisher 9251 | -5/Waste | Build established: Tank 9436 | -5/Waste | Entered Factory 9436 | -5/Factory | Accompanied by 20 allies 9617 | -5/Factory | Discovered new exit (range 18) 9674 | -5/Factory | Lost 11 allies 9949 | -5/Factory | Incoming investigation squad redirected 10096 | -5/Factory | Build established: Scavenger-Tank 10159 | -5/Factory | Discovered new exit (range 4) 10239 | -5/Factory | Discovered new exit (range 9) 10276 | -5/Factory | Discovered new exit (range 18) 10336 | -5/Factory | First assault squad dispatched 10362 | -5/Factory | Entered Upper Caves 10362 | -5/Upper Caves | Accompanied by 3 allies 10369 | -5/Upper Caves | Learned location of Armory (-3) 10389 | -5/Upper Caves | Lost 4 allies 10413 | -5/Upper Caves | Build established: Scavenger-Gunner 10463 | -5/Upper Caves | Spotted B-75 Beast 10474 | -5/Upper Caves | Destroyed B-75 Beast 10654 | -5/Upper Caves | Found DCF Scrap (14 items) 10708 | -5/Upper Caves | Discovered new exit (range 7) 10726 | -5/Upper Caves | Entered another Upper Caves area 10726 | -5/Upper Caves | Accompanied by 3 allies 10753 | -5/Upper Caves | Learned Factory trap positions 10753 | -5/Upper Caves | Discovered new exit (range 17) 10782 | -5/Upper Caves | Build established: Scavenger-Tank 10877 | -5/Upper Caves | Destroyed 10 combat bots 10891 | -5/Upper Caves | Learned location of Extension (-5) 10891 | -5/Upper Caves | Identified exit to Warlord 10891 | -5/Upper Caves | Learned location of 1 exit from Upper Caves 10891 | -5/Upper Caves | Learned location of 1 exit from Factory 10891 | -5/Upper Caves | Learned Research trap positions 10891 | -5/Upper Caves | Learned Factory emergency access door positions 10891 | -5/Upper Caves | Learned Armory emergency access door positions 10927 | -5/Upper Caves | Attracted the attention of an 0b10 base 11121 | -5/Upper Caves | Spotted B-75 Beast 11127 | -5/Upper Caves | Destroyed B-75 Beast 11189 | -5/Upper Caves | Attracted the attention of an 0b10 checkpoint 11293 | -5/Upper Caves | Entered Warlord 11293 | -5/Warlord | Accompanied by 3 allies 11526 | -5/Warlord | Visited the Vortex Lab 11532 | -5/Warlord | Found Prototype Energy Gun 11532 | -5/Warlord | Identified Vortex Rail 11540 | -5/Warlord | Warlord's base attacked by MAIN.C 11642 | -5/Warlord | Met Warlord 11681 | -5/Warlord | Opened Warlord's prototype stash 11687 | -5/Warlord | Found Exp. Targeting Computer 11700 | -5/Warlord | Found Prototype Device 11700 | -5/Warlord | Identified System Purifier 11709 | -5/Warlord | Found Prototype Reactor 11718 | -5/Warlord | Found Prototype Processor 11718 | -5/Warlord | Identified Exp. Armor Integrity Analyzer 11890 | -5/Warlord | Warlord forces counterattacked 11974 | -5/Warlord | Build established: Gunner 11990 | -5/Warlord | Opened side exit 12025 | -5/Warlord | Spotted Executioner 12071 | -5/Warlord | Destroyed Executioner 12091 | -5/Warlord | P-80 Master assimilated allied 9J-OS7(M) 12091 | -5/Warlord | Spotted Executioner 12091 | -5/Warlord | P-70 Sage assimilated allied XF-QX4(m) 12131 | -5/Warlord | Discovered new exit (range 14) 12165 | -5/Warlord | Lost 13 allies 12215 | -5/Warlord | Warlord base infiltrated, sounded retreat 12291 | -5/Warlord | Spotted Executioner 12319 | -5/Warlord | Destroyed Executioner 12340 | -5/Warlord | Spotted Striker 12340 | -5/Warlord | Spotted Executioner 12345 | -5/Warlord | Entered Proximity Caves 12348 | -4/Proximity Caves | Spotter reported a threat 12648 | -4/Proximity Caves | Discovered new exit (range 7) 12654 | -4/Proximity Caves | Entered Factory 12654 | -4/Factory | Evolved 2 slots: Propulsion x1, Utility x1 12655 | -4/Factory | Identified exit to Upper Caves 12656 | -4/Factory | Loaded intel: 128 trap records 13157 | -4/Factory | Garrison activated, responded to threat 13177 | -4/Factory | Identified Vortex Chain Reactor 13241 | -4/Factory | Lost 8 parts (2p3u3w) 13382 | -4/Factory | Released all parts (11) 13399 | -4/Factory | Core integrity fell below 50% 13434 | -4/Factory | Lost 6 parts (4n1u1w) 13454 | -4/Factory | Discovered new exit (range 16) 13462 | -4/Factory | Entered Research 13462 | -3/Research | Evolved 2 slots: Propulsion x1, Utility x1 13463 | -3/Research | Loaded intel: 72 trap records 13573 | -3/Research | Discovered new exit (range 7) 13595 | -3/Research | Discovered new exit (range 15) 13697 | -3/Research | Garrison activated, responded to threat 13811 | -3/Research | Found Quantum Capacitor 13816 | -3/Research | Entered Testing 13862 | -3/Testing | Found Prototype Energy Gun 13862 | -3/Testing | Identified Warp Gun 13866 | -3/Testing | Spotted Striker 13874 | -3/Testing | Spotted Striker 13959 | -3/Testing | Core integrity fell below 50% 13977 | -3/Testing | Core integrity fell below 20% 13984 | -3/Testing | Spotted Alpha 7 13986 | -3/Testing | Lost 10 parts (2p7n1w) 13987 | -3/Testing | Destroyed by G-67 Veteran with Field Laser Last Messages --------------- 13967_ K-01 Serf collects debris. 13969_ Slammed into Y-72 Warden. 13969_ Destabilizing: System interference. 13969_ Imp. Melee Analysis Suite temporarily disabled. 13970_ K-01 Serf destroyed. 13972_ K-01 Serf collects debris. 13974_ P-80 Master resets Y-72 Warden, system corruption cleaned. 13974_ Drone sends a signal. 13976_ K-01 Serf destroyed. 13978_ TKZ5#N C ND3IONZWN4ZZT 13983_ H-77 Assassin retrieves Drone. 13983_ Slug penetrates Wall. 13983_ Penetrated by Slug. 13985_ Slammed into H-77 Assassin. 13985_ Slug penetrates H-77 Assassin. 13985_ Slug penetrates Wall. 13986_ Critical hit (Burn: +50). 13986_ Slug penetrates Wall. Map ----- +----------------------------------------------------+ | ???????# "" # """ #????????????????????? | | ???????# """ """ # ! #????????????????????? | | ???????# "T """ ########+#????????????????????? | | ???????# """ """ #??????# #????????????????????? | | ???????# "" ######## ########?????????????? | | ???????+ #?????????????? | | ???????# #### #???????? | | ???????# ### !% "" #???????? | | ???????#####??##/######## "" #### #???????? | | ??????????????? ???????# T" ###########?????? | | ??????????????? "???????# "" ## ! #?????? | | ??????????????? "???????# "" ## #?????? | | ?????????????? "???????# # #?????? | | ?????????????? ????????# + #?????? | | ?????????????? ????????# # #?????? | | ?????????????? ?????????### ##### # ! !#?????? | | ??????????????????????????# #???# # ! #?????? | | ??????????????????????????# #???# # ! #?????? | | ??????????????????????????# #???# # #?????? | | ??????????????????????????# #???# ##/#######?????? | | ???######?????????????????# #???# * #? #?????? | | ???# #?????????????????# #???# # #?????? | | ???# #?????????????????# #???# # #?????? | | #### #?????????????????# #???# / #?????? | | + ###????############/#???#### # #?????? | | # ! # +????# h@ h#??????# # #?????? | | [ # # #????# g7 #??????# #? #?????? | | / = # ###### g "" k#??????# ##+####?????? | | ## # R g " " ######## #????????? | | ## # u ## """ + #????????? | | ######" ## ######## #????????? | | #????## ## " #??????# #????????? | | #?????# ## """ #??????# #????????? | | ??? ## """" #??????#+##+#????????? | | ? ## "" #????????????????????? | | !=! ## #????????????????????? | | !!! ## #????????????????????? | | "" =! ########+#####?????????????????????? | | "" ??????????????????????????????????? | | "" ?????????????????????????????????? | | ?? ????????????????????????????????? | | ?? ????????????????????????????????? | | ??????###########+???????????????????????????????? | | ?????????????????????????????????????????????????? | | ?????????????????????????????????????????????????? | | ?????????????????????????????????????????????????? | | ?????????????????????????????????????????????????? | | ?????????????????????????????????????????????????? | | ?????????????????????????????????????????????????? | | ?????????????????????????????????????????????????? | +----------------------------------------------------+ Best States ------------- Heat Dissipation 113 Energy Generation 55 Energy Capacity 740 Matter Stores 300 Matter Capacity 300 Sight Range 22 Robot Scan Range 16 Terrain Scan Density 10 Additional Mass Support 16 Armor Coverage 800 Resistance: KI 30 Resistance: TH 15 Propulsion Shielding 66 Weapon Cycling 15 Evasion (%) 65 Targeting Accuracy 12 Melee Accuracy 6 Core Analysis 6 Armor Integrity Analysis 50 Recoil Reduction 5 Particle Charging 25 Offensive Hacking 10 Defensive Hacking 10 Item Schematics ----------------- Lgt. Regenerative Plating | -7/Data Miner | Free Combat Drone Bay | -7/Data Miner | Free Cld. Aerolev Unit | -7/Data Miner | Free Gravity Neutralizer | -7/Data Miner | Free Scatter Rocket Array | -7/Data Miner | Free Cmb. Gravmag System | -7/Data Miner | Free Lrn. Tractor Beam | -7/Data Miner | Free Adv. Plasma Cannon | -7/Data Miner | Free Remote Shield | -7/Data Miner | Free Lrn. Proton Cannon | -7/Data Miner | Free Imp. Arc Projector | -7/Data Miner | Free Hvy. Gauss Cannon | -7/Data Miner | Free Robot Schematics ------------------ M-14 Sweeper | -7/Data Miner | Free H-66 Slayer | -7/Data Miner | Free B-48 Gladiator | -7/Data Miner | Free S-27 Virus | -7/Data Miner | Free L-41 Fighter | -7/Data Miner | Free Y-54 Guardian | -7/Data Miner | Free Fabricated ------------ B-48 Gladiator | x3 | -6/Factory | Preloaded Repaired ---------- Lgt. Treads | 35% | -8/Materials Lgt. Treads | 13% | -7/Factory Alien Tech Used ----------------- None Achievements -------------- None Challenges ------------ None Game ------ Seed HypertargetingWarlordShield Manual? 0 Play Time 02:02:22 Cumulative 316.3 hours Start 2025.07.11 @ 20:39:48 End 2025.07.14 @ 14:10:16 Sessions 6 Manual Loads 0 Difficulty Rogue Special Mode None Game No. 158 Rogue 158 Adventurer 0 Explorer 0 Win Type - Total 7 Types 4/0/2/0/0/0/0/0/0/1 Lore% 81 Gallery% 81 Achievement% 67 Wizard Run 0 Options --------- Layout 1 ASCII 0 Keyboard 0 Movement Mouse Keybinds 0 Fullscreen 1 Font 24/Smallcaps Map View 50x35 Zoom Use 0% Tactical HUD 1 Map Filters NONE Filters NONE Steam 1 RUN: 25f40862-0ba7-49b7-a141-391a458a74fe